Connexion

NEW YORK Islanders vs CAROLINA Hurricanes (R4)

Created - 4 avril 2024 at 05:48

Goals
1 2 3 OT1 T
NEW YORK Islanders 1 1 3 0 5
CAROLINA Hurricanes 0 3 2 1 6
Shots
1 2 3 OT1 T
NEW YORK Islanders 13 10 14 0 37
CAROLINA Hurricanes 11 7 11 1 30

GoalsPenalties
1st period
1. NEW YORK Islanders , Patrik Laine 21 (Adam Pelech 23, Calle Rosen 29) at 3:02 (PP)
Pontus Aberg (CAR) for Cross-checking (Minor) at 1:34
Marco Scandella (NYI) for Delaying the game (Minor) at 8:25
2nd period
2. CAROLINA Hurricanes , Esa Lindell 11 (Jack Hughes 37, Owen Power 55) at 5:13
3. CAROLINA Hurricanes , Wayne Simmonds 23 (Jack Hughes 38, Esa Lindell 23) at 13:31 (PP)
4. CAROLINA Hurricanes , James van Riemsdyk 24 (Brett Pesce 40, Jack Hughes 39) at 14:44
5. NEW YORK Islanders , Marco Scandella 6 (Anthony Duclair 31, Kevin Shattenkirk 50) at 16:33 (PP)
Wayne Simmonds (CAR) for Hooking (Minor) at 3:46
Riley Stillman (NYI) for Cross-checking (Minor) at 3:46
Esa Lindell (CAR) for Holding (Minor) at 5:54
Marco Scandella (NYI) for Interference (Minor) at 13:06
Owen Power (CAR) for Tripping (Minor) at 15:37
Tyler Motte (CAR) for Tripping (Minor) at 17:11
3rd period
6. NEW YORK Islanders , Kyle Palmieri 46 (Jeff Skinner 58, Marco Scandella 36) at 3:15
7. NEW YORK Islanders , Josh Bailey 20 (Anthony Duclair 32, Patrik Laine 24) at 3:53
8. CAROLINA Hurricanes , Tyler Motte 21 (Brandon Sutter 35, Ryan Ellis 41) at 7:55
9. CAROLINA Hurricanes , Pontus Aberg 28 (Tyler Motte 33, Brandon Sutter 36) at 11:50
10. NEW YORK Islanders , Marco Scandella 7 (Adam Henrique 42) at 19:59
Tyler Motte (CAR) for Slashing (Minor) at 9:34
Esa Lindell (CAR) for High sticking (Minor) at 12:22
Owen Power (CAR) for Cross-checking (Minor) at 16:28
Patrik Laine (NYI) for Tripping (Minor) at 17:48
Overtime #1
11. CAROLINA Hurricanes , Blake Lizotte 2 (Ryan Ellis 42, James van Riemsdyk 29) at 4:20
No Penalty
Goalie Stats
Alex Lyon (NYI), 24 saves from 30 shots - (0,800), OTL, 3-6-2, 64:15 minutes
Antti Raanta (CAR), 32 saves from 37 shots - (0,865), W, 8-13-1, 64:21 minutes
3 StarsOfficial
1 - Ryan Ellis (CAR)
2 - Marco Scandella (NYI)
3 - Jack Hughes (CAR)
Referees : Mike Hasenfratz and Don Koharski
Linesman : Pierre Champoux and Mark Shewchyk
Game Note
No Game Note
Finance
Level 1 -- Attendance: 6000 (100,00%) -- Ticket Income $720,000
Level 2 -- Attendance: 4872 (85,77%) -- Ticket Income $341,040
Level 3 -- Attendance: 2000 (100,00%) -- Ticket Income $90,000
Level 4 -- Attendance: 2946 (73,65%) -- Ticket Income $117,840
Luxury Box -- Attendance: 994 (99,40%) -- Ticket Income $208,740
Game was played at the RBC Center.
Total Attendance: 16812 (90,00%)
Total Ticket Income: $1,477,620
Other Income: $295,524
Total Income: $1,773,144



Team Name Goals Shots Shots Attemp Shots Blocked PIM HIT PP PK FO%
NEW YORK Islanders 5376878182 / 7 (29%)148%
CAROLINA Hurricanes 63061916301 / 3 (33%)252%

NEW YORK Islanders
Player Name POS G A P +/- PIM HIT SHT SB MP PP MP PP SHT PK MP PK SHT FO% FOT
Adam HenriqueC/LW0111023022:496:1201:07040% 5
Adam PelechD0110012321:196:1311:2300% 0
Alexander RadulovRW000-100104:400:0000:0000% 0
Anthony DuclairLW/RW022-1000019:265:2800:0000% 0
Brendan LeipsicC/LW0000013012:200:0000:0000% 0
Brendan LemieuxLW000-100107:170:0000:2200% 1
Calle RosenD0110011021:156:1311:1900% 0
Ilya MikheyevRW0000000012:330:0000:5900% 0
Jeff SkinnerC/LW011-1027025:226:1212:15052% 29
Josh BaileyC/LW/RW1010014118:065:2800:00055% 31
Kevin ShattenkirkD0110002027:525:2722:2500% 0
Kyle PalmieriRW1010005023:396:1232:15044% 9
Marco ScandellaD2130423226:135:2720:5300% 0
Nicklas BackstromC000-100204:400:0000:00075% 8
Nikolai KnyzhovD000-1010012:500:0000:0000% 0
Patrik LaineLW/RW1120233019:535:2710:30050% 2
Riley StillmanD000-2220114:490:0001:2800% 0
Vincent TrocheckC0000020011:340:0000:00020% 15
CAROLINA Hurricanes
Player Name POS G A P +/- PIM HIT SHT SB MP PP MP PP SHT PK MP PK SHT FO% FOT
Alexandre TexierC/LW000000103:410:0000:1000% 0
Blake LizotteC101101103:270:0000:000100% 3
Blake WheelerLW/RW0001011014:590:0000:0000% 0
Brandon SutterC/RW0220006015:521:5810:00067% 3
Brett PesceD0111011328:151:2106:0000% 0
Cam YorkD0001000013:380:0002:5800% 0
Colton SissonsC/LW/RW0000000014:370:0001:36050% 18
Connor DewarC000001002:070:0000:00025% 4
Curtis LazarC/LW/RW0000010013:580:0000:0000% 0
Esa LindellD112-1441221:222:2303:2400% 0
Jack HughesC0331001026:221:4607:27057% 44
James van RiemsdykLW/RW1121004020:301:4603:59050% 4
KAndre MillerD0001020110:400:0000:0000% 0
Owen PowerD011-1421021:052:2314:4200% 0
Pontus AbergLW/RW1010205015:511:5830:0000% 1
Ryan EllisD0222051329:171:2116:1600% 0
Tyler MotteC/LW/RW1120444019:551:5802:30045% 22
Wayne SimmondsLW/RW1010283023:011:4617:3800% 1



Play-by-Play

1st period


0:01 of 1st period - Jeff Skinner wins face-off versus Jack Hughes in neutral zone.
0:15 of 1st period - Shot by Jeff Skinner.
0:15 of 1st period - Stopped by Antti Raanta without a rebound.
0:16 of 1st period - Tyler Motte wins face-off versus Patrik Laine in CAROLINA Hurricanes zone.
0:25 of 1st period - Calle Rosen is hit by Esa Lindell and loses puck.
0:28 of 1st period - Shot by Josh Bailey.
0:28 of 1st period - Stopped by Antti Raanta without a rebound.
0:29 of 1st period - Colton Sissons wins face-off versus Vincent Trocheck in CAROLINA Hurricanes zone.
0:33 of 1st period - Off-side.
0:34 of 1st period - Nicklas Backstrom wins face-off versus Connor Dewar in neutral zone.
0:57 of 1st period - Shot by Nicklas Backstrom.
0:57 of 1st period - Shot Blocked by Brett Pesce.
0:59 of 1st period - Shot by Nicklas Backstrom.
0:59 of 1st period - Shot Blocked by Ryan Ellis.
1:01 of 1st period - Shot by Brendan Lemieux.
1:01 of 1st period - Shot Blocked by Brett Pesce.
1:07 of 1st period - Shot by Nicklas Backstrom.
1:07 of 1st period - Stopped by Antti Raanta without a rebound.
1:08 of 1st period - Colton Sissons wins face-off versus Jeff Skinner in CAROLINA Hurricanes zone.
1:08 of 1st period - Colton Sissons is hit by Adam Henrique.
1:22 of 1st period - Shot by Jeff Skinner.
1:22 of 1st period - Stopped by Antti Raanta without a rebound.
1:23 of 1st period - Tyler Motte wins face-off versus Josh Bailey in CAROLINA Hurricanes zone.
1:25 of 1st period - Icing by Esa Lindell.
1:26 of 1st period - Tyler Motte wins face-off versus Vincent Trocheck in CAROLINA Hurricanes zone.
1:34 of 1st period - Minor Penalty to Pontus Aberg for Cross-checking.
1:35 of 1st period - Jack Hughes wins face-off versus Jeff Skinner in CAROLINA Hurricanes zone.
2:44 of 1st period - Shot by Anthony Duclair.
2:44 of 1st period - Shot Blocked by Ryan Ellis.
3:00 of 1st period - Shot by Patrik Laine.
3:00 of 1st period - Shot Misses the Net.
3:02 of 1st period - Shot by Patrik Laine.
3:02 of 1st period - Goal by Patrik Laine - NEW YORK Islanders : 1 - CAROLINA Hurricanes : 0.
3:03 of 1st period - Colton Sissons wins face-off versus Vincent Trocheck in neutral zone.
3:20 of 1st period - Shot by Brendan Leipsic.
3:20 of 1st period - Stopped by Antti Raanta without a rebound.
3:21 of 1st period - Brandon Sutter wins face-off versus Jeff Skinner in CAROLINA Hurricanes zone.
3:21 of 1st period - Tyler Motte is hit by Adam Henrique and loses puck.
3:44 of 1st period - Kevin Shattenkirk is hit by Esa Lindell and loses puck.
3:58 of 1st period - Shot by Pontus Aberg.
3:58 of 1st period - Stopped by Alex Lyon without a rebound.
3:59 of 1st period - Josh Bailey wins face-off versus Jack Hughes in NEW YORK Islanders zone.
4:09 of 1st period - Icing by Anthony Duclair.
4:10 of 1st period - Josh Bailey wins face-off versus Wayne Simmonds in NEW YORK Islanders zone.
4:19 of 1st period - Shot by Josh Bailey.
4:19 of 1st period - Stopped by Antti Raanta without a rebound.
4:20 of 1st period - Jack Hughes wins face-off versus Vincent Trocheck in CAROLINA Hurricanes zone.
4:20 of 1st period - Jack Hughes is hit by Vincent Trocheck.
4:26 of 1st period - Shot by Brett Pesce.
4:26 of 1st period - Stopped by Alex Lyon without a rebound.
4:27 of 1st period - Josh Bailey wins face-off versus Jack Hughes in NEW YORK Islanders zone.
4:36 of 1st period - Shot by Patrik Laine.
4:36 of 1st period - Stopped by Antti Raanta without a rebound.
4:37 of 1st period - Jack Hughes wins face-off versus Jeff Skinner in CAROLINA Hurricanes zone.
4:54 of 1st period - Shot by James van Riemsdyk.
4:54 of 1st period - Stopped by Alex Lyon with a rebound.
4:56 of 1st period - Shot by James van Riemsdyk.
4:56 of 1st period - Stopped by Alex Lyon with a rebound.
4:58 of 1st period - Shot by Ryan Ellis.
4:58 of 1st period - Shot Misses the Net.
5:02 of 1st period - Shot by Wayne Simmonds.
5:02 of 1st period - Stopped by Alex Lyon with a rebound.
5:04 of 1st period - Shot by Wayne Simmonds.
5:04 of 1st period - Shot Misses the Net.
5:55 of 1st period - Shot by Josh Bailey.
5:55 of 1st period - Shot Blocked by Esa Lindell.
5:57 of 1st period - Shot by Patrik Laine.
5:57 of 1st period - Shot Misses the Net.
5:59 of 1st period - Shot by Adam Pelech.
5:59 of 1st period - Stopped by Antti Raanta without a rebound.
6:00 of 1st period - Colton Sissons wins face-off versus Vincent Trocheck in CAROLINA Hurricanes zone.
6:00 of 1st period - Colton Sissons is hit by Vincent Trocheck.
6:07 of 1st period - Ilya Mikheyev is hit by KAndre Miller and loses puck.
6:32 of 1st period - Shot by Colton Sissons.
6:32 of 1st period - Shot Blocked by Riley Stillman.
6:34 of 1st period - Shot by Blake Wheeler.
6:34 of 1st period - Stopped by Alex Lyon without a rebound.
6:35 of 1st period - Josh Bailey wins face-off versus Jack Hughes in NEW YORK Islanders zone.
6:35 of 1st period - Josh Bailey is hit by Wayne Simmonds.
6:43 of 1st period - Icing by Brett Pesce.
6:44 of 1st period - Jack Hughes wins face-off versus Josh Bailey in CAROLINA Hurricanes zone.
7:04 of 1st period - Wayne Simmonds is hit by Calle Rosen and loses puck.
8:25 of 1st period - Minor Penalty to Marco Scandella for Delaying the game.
8:26 of 1st period - Jeff Skinner wins face-off versus Pontus Aberg in NEW YORK Islanders zone.
8:26 of 1st period - Jeff Skinner is hit by Tyler Motte.
8:44 of 1st period - Shot by Brandon Sutter.
8:44 of 1st period - Stopped by Alex Lyon with a rebound.
8:46 of 1st period - Shot by Brandon Sutter.
8:46 of 1st period - Shot Misses the Net.
8:52 of 1st period - Shot by Esa Lindell.
8:52 of 1st period - Shot Misses the Net.
8:54 of 1st period - Shot by Brandon Sutter.
8:54 of 1st period - Deflect By Pontus Aberg.
8:54 of 1st period - Stopped by Alex Lyon without a rebound.
8:55 of 1st period - Jack Hughes wins face-off versus Kyle Palmieri in NEW YORK Islanders zone.
9:42 of 1st period - Icing by Tyler Motte.
9:43 of 1st period - Tyler Motte wins face-off versus Adam Henrique in CAROLINA Hurricanes zone.
10:09 of 1st period - Off-side.
10:10 of 1st period - Kyle Palmieri wins face-off versus Jack Hughes in neutral zone.
10:48 of 1st period - Icing by Calle Rosen.
10:49 of 1st period - Connor Dewar wins face-off versus Vincent Trocheck in NEW YORK Islanders zone.
11:41 of 1st period - Icing by Ilya Mikheyev.
11:42 of 1st period - Tyler Motte wins face-off versus Vincent Trocheck in NEW YORK Islanders zone.
12:06 of 1st period - Icing by Adam Pelech.
12:07 of 1st period - Colton Sissons wins face-off versus Vincent Trocheck in NEW YORK Islanders zone.
12:45 of 1st period - Cam York is hit by Brendan Leipsic and loses puck.
12:49 of 1st period - Icing by KAndre Miller.
12:50 of 1st period - Jeff Skinner wins face-off versus Colton Sissons in CAROLINA Hurricanes zone.
13:21 of 1st period - Shot by Jeff Skinner.
13:21 of 1st period - Stopped by Antti Raanta with a rebound.
13:46 of 1st period - Off-side.
13:47 of 1st period - Josh Bailey wins face-off versus Tyler Motte in neutral zone.
14:04 of 1st period - Shot by Pontus Aberg.
14:04 of 1st period - Deflect By Brandon Sutter.
14:04 of 1st period - Stopped by Alex Lyon without a rebound.
14:05 of 1st period - Nicklas Backstrom wins face-off versus Connor Dewar in NEW YORK Islanders zone.
14:16 of 1st period - Off-side.
14:17 of 1st period - Tyler Motte wins face-off versus Josh Bailey in neutral zone.
14:24 of 1st period - Shot by Brandon Sutter.
14:24 of 1st period - Shot Misses the Net.
14:26 of 1st period - Shot by Brandon Sutter.
14:26 of 1st period - Deflect By Tyler Motte.
14:26 of 1st period - Shot Misses the Net.
14:46 of 1st period - Shot by Brandon Sutter.
14:46 of 1st period - Shot Misses the Net.
15:00 of 1st period - Shot by Brandon Sutter.
15:00 of 1st period - Shot Blocked by Marco Scandella.
15:02 of 1st period - Shot by Brandon Sutter.
15:02 of 1st period - Stopped by Alex Lyon with a rebound.
15:22 of 1st period - Icing by Marco Scandella.
15:23 of 1st period - Patrik Laine wins face-off versus Colton Sissons in NEW YORK Islanders zone.
15:56 of 1st period - Shot by Curtis Lazar.
15:56 of 1st period - Shot Misses the Net.
15:58 of 1st period - Shot by KAndre Miller.
15:58 of 1st period - Shot Misses the Net.
16:00 of 1st period - Shot by Curtis Lazar.
16:00 of 1st period - Shot Misses the Net.
16:18 of 1st period - Shot by Wayne Simmonds.
16:18 of 1st period - Shot Hit the Post.
16:20 of 1st period - Shot by Wayne Simmonds.
16:20 of 1st period - Stopped by Alex Lyon without a rebound.
16:21 of 1st period - Nicklas Backstrom wins face-off versus Jack Hughes in NEW YORK Islanders zone.
16:21 of 1st period - Nicklas Backstrom is hit by Wayne Simmonds.
16:32 of 1st period - Shot by Alexander Radulov.
16:32 of 1st period - Stopped by Antti Raanta without a rebound.
16:33 of 1st period - Vincent Trocheck wins face-off versus Tyler Motte in CAROLINA Hurricanes zone.
16:49 of 1st period - Shot by Brendan Leipsic.
16:49 of 1st period - Stopped by Antti Raanta without a rebound.
16:50 of 1st period - Jack Hughes wins face-off versus Josh Bailey in CAROLINA Hurricanes zone.
17:50 of 1st period - Kyle Palmieri is hit by Ryan Ellis and loses puck.
18:15 of 1st period - Shot by Jeff Skinner.
18:15 of 1st period - Stopped by Antti Raanta without a rebound.
18:16 of 1st period - Nicklas Backstrom wins face-off versus Tyler Motte in CAROLINA Hurricanes zone.
18:16 of 1st period - Adam Pelech is hit by Esa Lindell and loses puck.
18:20 of 1st period - Icing by Owen Power.
18:21 of 1st period - Tyler Motte wins face-off versus Nicklas Backstrom in CAROLINA Hurricanes zone.
18:29 of 1st period - Icing by Adam Pelech.
18:30 of 1st period - Nicklas Backstrom wins face-off versus Tyler Motte in NEW YORK Islanders zone.
19:25 of 1st period - Off-side.
19:26 of 1st period - Adam Henrique wins face-off versus Colton Sissons in neutral zone.
19:58 of 1st period - Icing by Jeff Skinner.
19:59 of 1st period - Jeff Skinner wins face-off versus Jack Hughes in NEW YORK Islanders zone.
Goals for this period are 1 for NEW YORK Islanders vs 0 for CAROLINA Hurricanes .
Shots for this period are 13 for NEW YORK Islanders vs 11 for CAROLINA Hurricanes .

2nd period


0:01 of 2nd period - Jack Hughes wins face-off versus Jeff Skinner in neutral zone.
0:01 of 2nd period - James van Riemsdyk is hit by Marco Scandella and loses puck.
0:20 of 2nd period - Shot by Jeff Skinner.
0:20 of 2nd period - Shot Misses the Net.
0:22 of 2nd period - Shot by Kevin Shattenkirk.
0:22 of 2nd period - Shot Misses the Net.
0:24 of 2nd period - Shot by Jeff Skinner.
0:24 of 2nd period - Stopped by Antti Raanta without a rebound.
0:25 of 2nd period - Tyler Motte wins face-off versus Josh Bailey in CAROLINA Hurricanes zone.
1:16 of 2nd period - Off-side.
1:17 of 2nd period - Jack Hughes wins face-off versus Jeff Skinner in neutral zone.
1:50 of 2nd period - Adam Henrique is hit by Wayne Simmonds and loses puck.
2:47 of 2nd period - Curtis Lazar is hit by Adam Pelech.
3:17 of 2nd period - Shot by Tyler Motte.
3:17 of 2nd period - Stopped by Alex Lyon without a rebound.
3:18 of 2nd period - Josh Bailey wins face-off versus Connor Dewar in NEW YORK Islanders zone.
3:20 of 2nd period - Patrik Laine is hit by Connor Dewar and loses puck.
3:24 of 2nd period - Icing by Josh Bailey.
3:25 of 2nd period - Josh Bailey wins face-off versus Tyler Motte in NEW YORK Islanders zone.
3:25 of 2nd period - Anthony Duclair is hit by Tyler Motte and loses puck.
3:39 of 2nd period - Icing by Riley Stillman.
3:40 of 2nd period - Jack Hughes wins face-off versus Josh Bailey in NEW YORK Islanders zone.
3:46 of 2nd period - Minor Penalty to Wayne Simmonds for Hooking.
3:46 of 2nd period - Minor Penalty to Riley Stillman for Cross-checking.
3:47 of 2nd period - Blake Lizotte wins face-off versus Kyle Palmieri in NEW YORK Islanders zone.
3:55 of 2nd period - Icing by Kevin Shattenkirk.
3:56 of 2nd period - Jack Hughes wins face-off versus Kyle Palmieri in NEW YORK Islanders zone.
4:07 of 2nd period - Shot by Jack Hughes.
4:07 of 2nd period - Shot Misses the Net.
4:09 of 2nd period - Shot by Blake Lizotte.
4:09 of 2nd period - Shot Misses the Net.
4:33 of 2nd period - Marco Scandella is hit by Blake Lizotte and loses puck.
4:47 of 2nd period - Icing by Kevin Shattenkirk.
4:48 of 2nd period - Kyle Palmieri wins face-off versus Jack Hughes in NEW YORK Islanders zone.
5:11 of 2nd period - Shot by Owen Power.
5:11 of 2nd period - Deflect By Jack Hughes.
5:11 of 2nd period - Shot Misses the Net.
5:13 of 2nd period - Shot by Esa Lindell.
5:13 of 2nd period - Goal by Esa Lindell - NEW YORK Islanders : 1 - CAROLINA Hurricanes : 1.
5:14 of 2nd period - Blake Lizotte wins face-off versus Adam Henrique in neutral zone.
5:46 of 2nd period - Calle Rosen is hit by Owen Power and loses puck.
5:54 of 2nd period - Minor Penalty to Esa Lindell for Holding.
5:55 of 2nd period - Jack Hughes wins face-off versus Josh Bailey in CAROLINA Hurricanes zone.
6:10 of 2nd period - Shot by Adam Pelech.
6:10 of 2nd period - Shot Misses the Net.
6:59 of 2nd period - Icing by Marco Scandella.
7:00 of 2nd period - Jeff Skinner wins face-off versus Jack Hughes in NEW YORK Islanders zone.
7:09 of 2nd period - Shot by Kevin Shattenkirk.
7:09 of 2nd period - Stopped by Antti Raanta without a rebound.
7:10 of 2nd period - Jack Hughes wins face-off versus Josh Bailey in CAROLINA Hurricanes zone.
7:31 of 2nd period - Shot by Kevin Shattenkirk.
7:31 of 2nd period - Stopped by Antti Raanta without a rebound.
7:32 of 2nd period - James van Riemsdyk wins face-off versus Jeff Skinner in CAROLINA Hurricanes zone.
7:32 of 2nd period - James van Riemsdyk is hit by Jeff Skinner.
7:44 of 2nd period - Shot by Calle Rosen.
7:44 of 2nd period - Stopped by Antti Raanta without a rebound.
7:45 of 2nd period - Jack Hughes wins face-off versus Jeff Skinner in CAROLINA Hurricanes zone.
7:45 of 2nd period - Jack Hughes is hit by Jeff Skinner.
7:59 of 2nd period - Shot by Tyler Motte.
7:59 of 2nd period - Shot Misses the Net.
8:01 of 2nd period - Shot by Tyler Motte.
8:01 of 2nd period - Shot Misses the Net.
8:03 of 2nd period - Shot by Brandon Sutter.
8:03 of 2nd period - Stopped by Alex Lyon with a rebound.
8:05 of 2nd period - Shot by Pontus Aberg.
8:05 of 2nd period - Deflect By Brandon Sutter.
8:05 of 2nd period - Stopped by Alex Lyon without a rebound.
8:06 of 2nd period - Vincent Trocheck wins face-off versus Colton Sissons in NEW YORK Islanders zone.
8:06 of 2nd period - Vincent Trocheck is hit by Curtis Lazar.
8:48 of 2nd period - Shot by Brendan Leipsic.
8:48 of 2nd period - Shot Misses the Net.
9:06 of 2nd period - Adam Henrique is hit by Ryan Ellis and loses puck.
9:16 of 2nd period - Kyle Palmieri is hit by Ryan Ellis and loses puck.
9:27 of 2nd period - Shot by Kyle Palmieri.
9:27 of 2nd period - Deflect By Adam Henrique.
9:27 of 2nd period - Stopped by Antti Raanta with a rebound.
9:52 of 2nd period - Josh Bailey is hit by Ryan Ellis and loses puck.
10:45 of 2nd period - Off-side.
10:46 of 2nd period - Jack Hughes wins face-off versus Vincent Trocheck in neutral zone.
11:14 of 2nd period - Brendan Leipsic is hit by Wayne Simmonds and loses puck.
11:45 of 2nd period - Icing by Jeff Skinner.
11:46 of 2nd period - Tyler Motte wins face-off versus Adam Henrique in NEW YORK Islanders zone.
12:15 of 2nd period - Shot by Kyle Palmieri.
12:15 of 2nd period - Shot Blocked by KAndre Miller.
12:17 of 2nd period - Shot by Adam Henrique.
12:17 of 2nd period - Stopped by Antti Raanta with a rebound.
12:53 of 2nd period - Shot by Patrik Laine.
12:53 of 2nd period - Stopped by Antti Raanta with a rebound.
12:58 of 2nd period - Esa Lindell is hit by Nikolai Knyzhov and loses puck.
13:01 of 2nd period - Shot by Alexandre Texier.
13:01 of 2nd period - Stopped by Alex Lyon without a rebound.
13:02 of 2nd period - Jack Hughes wins face-off versus Nicklas Backstrom in NEW YORK Islanders zone.
13:06 of 2nd period - Minor Penalty to Marco Scandella for Interference.
13:07 of 2nd period - Kyle Palmieri wins face-off versus Jack Hughes in NEW YORK Islanders zone.
13:07 of 2nd period - Kyle Palmieri is hit by Wayne Simmonds.
13:18 of 2nd period - James van Riemsdyk is hit by Riley Stillman and loses puck.
13:21 of 2nd period - Shot by Wayne Simmonds.
13:21 of 2nd period - Shot Misses the Net.
13:31 of 2nd period - Shot by Jack Hughes.
13:31 of 2nd period - Deflect By Wayne Simmonds.
13:31 of 2nd period - Goal by Wayne Simmonds - NEW YORK Islanders : 1 - CAROLINA Hurricanes : 2.
13:32 of 2nd period - Tyler Motte wins face-off versus Josh Bailey in neutral zone.
13:36 of 2nd period - Off-side.
13:37 of 2nd period - Josh Bailey wins face-off versus Tyler Motte in neutral zone.
14:31 of 2nd period - Icing by Wayne Simmonds.
14:32 of 2nd period - Jack Hughes wins face-off versus Jeff Skinner in CAROLINA Hurricanes zone.
14:42 of 2nd period - Shot by Brett Pesce.
14:42 of 2nd period - Shot Blocked by Adam Pelech.
14:44 of 2nd period - Shot by James van Riemsdyk.
14:44 of 2nd period - Goal by James van Riemsdyk - NEW YORK Islanders : 1 - CAROLINA Hurricanes : 3.
14:45 of 2nd period - Colton Sissons wins face-off versus Brendan Lemieux in neutral zone.
15:15 of 2nd period - Icing by Esa Lindell.
15:16 of 2nd period - Jeff Skinner wins face-off versus Colton Sissons in CAROLINA Hurricanes zone.
15:17 of 2nd period - Shot by Kyle Palmieri.
15:17 of 2nd period - Deflect By Jeff Skinner.
15:17 of 2nd period - Shot Misses the Net.
15:37 of 2nd period - Minor Penalty to Owen Power for Tripping.
15:38 of 2nd period - Jack Hughes wins face-off versus Josh Bailey in CAROLINA Hurricanes zone.
15:55 of 2nd period - Shot by Kevin Shattenkirk.
15:55 of 2nd period - Shot Misses the Net.
15:57 of 2nd period - Shot by Josh Bailey.
15:57 of 2nd period - Shot Blocked by Ryan Ellis.
15:59 of 2nd period - Shot by Marco Scandella.
15:59 of 2nd period - Stopped by Antti Raanta without a rebound.
16:00 of 2nd period - Jeff Skinner wins face-off versus Jack Hughes in CAROLINA Hurricanes zone.
16:07 of 2nd period - Shot by Calle Rosen.
16:07 of 2nd period - Shot Misses the Net.
16:27 of 2nd period - Shot by Kyle Palmieri.
16:27 of 2nd period - Stopped by Antti Raanta without a rebound.
16:28 of 2nd period - Josh Bailey wins face-off versus Jack Hughes in CAROLINA Hurricanes zone.
16:31 of 2nd period - Shot by Anthony Duclair.
16:31 of 2nd period - Shot Misses the Net.
16:33 of 2nd period - Shot by Marco Scandella.
16:33 of 2nd period - Goal by Marco Scandella - NEW YORK Islanders : 2 - CAROLINA Hurricanes : 3.
16:34 of 2nd period - Josh Bailey wins face-off versus Tyler Motte in neutral zone.
16:36 of 2nd period - Kevin Shattenkirk is hit by Owen Power and loses puck.
16:39 of 2nd period - Shot by Patrik Laine.
16:39 of 2nd period - Deflect By Anthony Duclair.
16:39 of 2nd period - Shot Misses the Net.
17:09 of 2nd period - Marco Scandella is hit by Tyler Motte and loses puck.
17:11 of 2nd period - Minor Penalty to Tyler Motte for Tripping.
17:12 of 2nd period - Jack Hughes wins face-off versus Jeff Skinner in CAROLINA Hurricanes zone.
18:26 of 2nd period - Icing by Kevin Shattenkirk.
18:27 of 2nd period - Josh Bailey wins face-off versus Jack Hughes in NEW YORK Islanders zone.
18:52 of 2nd period - Colton Sissons is hit by Patrik Laine and loses puck.
Goals for this period are 1 for NEW YORK Islanders vs 3 for CAROLINA Hurricanes .
Shots for this period are 10 for NEW YORK Islanders vs 7 for CAROLINA Hurricanes .

3rd period


0:01 of 3rd period - Jack Hughes wins face-off versus Jeff Skinner in neutral zone.
0:14 of 3rd period - Brett Pesce is hit by Marco Scandella and loses puck.
0:24 of 3rd period - Kyle Palmieri is hit by Ryan Ellis and loses puck.
0:27 of 3rd period - Shot by Adam Henrique.
0:27 of 3rd period - Stopped by Antti Raanta with a rebound.
0:29 of 3rd period - Shot by Jeff Skinner.
0:29 of 3rd period - Shot Misses the Net.
0:31 of 3rd period - Shot by Jeff Skinner.
0:31 of 3rd period - Shot Misses the Net.
0:33 of 3rd period - Shot by Kyle Palmieri.
0:33 of 3rd period - Stopped by Antti Raanta with a rebound.
0:35 of 3rd period - Shot by Marco Scandella.
0:35 of 3rd period - Shot Blocked by Brett Pesce.
0:37 of 3rd period - Shot by Jeff Skinner.
0:37 of 3rd period - Stopped by Antti Raanta without a rebound.
0:38 of 3rd period - Josh Bailey wins face-off versus Tyler Motte in CAROLINA Hurricanes zone.
0:47 of 3rd period - Shot by Anthony Duclair.
0:47 of 3rd period - Shot Misses the Net.
1:05 of 3rd period - Shot by Tyler Motte.
1:05 of 3rd period - Stopped by Alex Lyon without a rebound.
1:06 of 3rd period - Vincent Trocheck wins face-off versus Colton Sissons in NEW YORK Islanders zone.
1:06 of 3rd period - Vincent Trocheck is hit by Blake Wheeler.
1:40 of 3rd period - Shot by Blake Wheeler.
1:40 of 3rd period - Shot Misses the Net.
1:57 of 3rd period - Icing by Brendan Leipsic.
1:58 of 3rd period - Jack Hughes wins face-off versus Vincent Trocheck in NEW YORK Islanders zone.
2:11 of 3rd period - Shot by Jack Hughes.
2:11 of 3rd period - Shot Misses the Net.
2:13 of 3rd period - Shot by Jack Hughes.
2:13 of 3rd period - Deflect By James van Riemsdyk.
2:13 of 3rd period - Shot Misses the Net.
3:07 of 3rd period - Shot by Adam Henrique.
3:07 of 3rd period - Shot Misses the Net.
3:13 of 3rd period - Shot by Jeff Skinner.
3:13 of 3rd period - Shot Blocked by Esa Lindell.
3:15 of 3rd period - Shot by Kyle Palmieri.
3:15 of 3rd period - Goal by Kyle Palmieri - NEW YORK Islanders : 3 - CAROLINA Hurricanes : 3.
3:16 of 3rd period - Josh Bailey wins face-off versus Colton Sissons in neutral zone.
3:23 of 3rd period - Shot by Anthony Duclair.
3:23 of 3rd period - Deflect By Josh Bailey.
3:23 of 3rd period - Stopped by Antti Raanta without a rebound.
3:24 of 3rd period - Josh Bailey wins face-off versus Tyler Motte in CAROLINA Hurricanes zone.
3:53 of 3rd period - Shot by Josh Bailey.
3:53 of 3rd period - Goal by Josh Bailey - NEW YORK Islanders : 4 - CAROLINA Hurricanes : 3.
3:54 of 3rd period - Jeff Skinner wins face-off versus Colton Sissons in neutral zone.
5:13 of 3rd period - Shot by Jack Hughes.
5:13 of 3rd period - Shot Blocked by Adam Pelech.
5:20 of 3rd period - Anthony Duclair is hit by Wayne Simmonds.
5:56 of 3rd period - Shot by Brandon Sutter.
5:56 of 3rd period - Stopped by Alex Lyon without a rebound.
5:57 of 3rd period - Nicklas Backstrom wins face-off versus Tyler Motte in NEW YORK Islanders zone.
6:10 of 3rd period - Shot by Alexander Radulov.
6:10 of 3rd period - Deflect By Brendan Lemieux.
6:10 of 3rd period - Stopped by Antti Raanta with a rebound.
6:12 of 3rd period - Shot by Nicklas Backstrom.
6:12 of 3rd period - Stopped by Antti Raanta without a rebound.
6:13 of 3rd period - Kyle Palmieri wins face-off versus Colton Sissons in CAROLINA Hurricanes zone.
6:32 of 3rd period - Icing by Nikolai Knyzhov.
6:33 of 3rd period - Jeff Skinner wins face-off versus Jack Hughes in NEW YORK Islanders zone.
6:33 of 3rd period - Jeff Skinner is hit by Wayne Simmonds.
6:57 of 3rd period - Shot by Adam Henrique.
6:57 of 3rd period - Deflect By Kyle Palmieri.
6:57 of 3rd period - Shot Misses the Net.
7:21 of 3rd period - Icing by Riley Stillman.
7:22 of 3rd period - Jeff Skinner wins face-off versus Tyler Motte in NEW YORK Islanders zone.
7:22 of 3rd period - Jeff Skinner is hit by Tyler Motte.
7:37 of 3rd period - Icing by Ryan Ellis.
7:38 of 3rd period - Josh Bailey wins face-off versus Brandon Sutter in CAROLINA Hurricanes zone.
7:51 of 3rd period - Shot by Tyler Motte.
7:51 of 3rd period - Stopped by Alex Lyon with a rebound.
7:53 of 3rd period - Shot by Brandon Sutter.
7:53 of 3rd period - Shot Misses the Net.
7:55 of 3rd period - Shot by Tyler Motte.
7:55 of 3rd period - Goal by Tyler Motte - NEW YORK Islanders : 4 - CAROLINA Hurricanes : 4.
7:56 of 3rd period - Colton Sissons wins face-off versus Vincent Trocheck in neutral zone.
8:14 of 3rd period - Shot by Brendan Leipsic.
8:14 of 3rd period - Shot Misses the Net.
8:37 of 3rd period - Icing by Cam York.
8:38 of 3rd period - Colton Sissons wins face-off versus Josh Bailey in CAROLINA Hurricanes zone.
8:56 of 3rd period - Icing by Marco Scandella.
8:57 of 3rd period - Jack Hughes wins face-off versus Josh Bailey in NEW YORK Islanders zone.
9:04 of 3rd period - Shot by Jack Hughes.
9:04 of 3rd period - Shot Blocked by Josh Bailey.
9:06 of 3rd period - Shot by Brett Pesce.
9:06 of 3rd period - Shot Misses the Net.
9:08 of 3rd period - Shot by Wayne Simmonds.
9:08 of 3rd period - Shot Misses the Net.
9:14 of 3rd period - Shot by Jack Hughes.
9:14 of 3rd period - Shot Blocked by Marco Scandella.
9:16 of 3rd period - Shot by James van Riemsdyk.
9:16 of 3rd period - Stopped by Alex Lyon with a rebound.
9:28 of 3rd period - Shot by Jack Hughes.
9:28 of 3rd period - Stopped by Alex Lyon without a rebound.
9:29 of 3rd period - Jeff Skinner wins face-off versus Tyler Motte in NEW YORK Islanders zone.
9:34 of 3rd period - Minor Penalty to Tyler Motte for Slashing.
9:35 of 3rd period - Jack Hughes wins face-off versus Jeff Skinner in CAROLINA Hurricanes zone.
9:58 of 3rd period - Shot by Adam Pelech.
9:58 of 3rd period - Stopped by Antti Raanta without a rebound.
9:59 of 3rd period - Jack Hughes wins face-off versus Josh Bailey in CAROLINA Hurricanes zone.
10:05 of 3rd period - Icing by Patrik Laine.
10:06 of 3rd period - Josh Bailey wins face-off versus Jack Hughes in NEW YORK Islanders zone.
11:37 of 3rd period - Nikolai Knyzhov is hit by KAndre Miller and loses puck.
11:50 of 3rd period - Shot by Pontus Aberg.
11:50 of 3rd period - Goal by Pontus Aberg - NEW YORK Islanders : 4 - CAROLINA Hurricanes : 5.
11:51 of 3rd period - Colton Sissons wins face-off versus Vincent Trocheck in neutral zone.
12:21 of 3rd period - Vincent Trocheck is hit by Esa Lindell and loses puck.
12:22 of 3rd period - Minor Penalty to Esa Lindell for High sticking.
12:23 of 3rd period - Jeff Skinner wins face-off versus Jack Hughes in CAROLINA Hurricanes zone.
12:23 of 3rd period - Jeff Skinner is hit by Brett Pesce.
12:27 of 3rd period - Shot by Kyle Palmieri.
12:27 of 3rd period - Stopped by Antti Raanta without a rebound.
12:28 of 3rd period - Jeff Skinner wins face-off versus Jack Hughes in CAROLINA Hurricanes zone.
14:07 of 3rd period - Icing by Josh Bailey.
14:08 of 3rd period - Josh Bailey wins face-off versus James van Riemsdyk in NEW YORK Islanders zone.
14:38 of 3rd period - Shot by Brendan Leipsic.
14:38 of 3rd period - Stopped by Antti Raanta with a rebound.
15:23 of 3rd period - Ryan Ellis is hit by Riley Stillman and loses puck.
16:06 of 3rd period - Esa Lindell is hit by Patrik Laine and loses puck.
16:28 of 3rd period - Minor Penalty to Owen Power for Cross-checking.
16:29 of 3rd period - Jeff Skinner wins face-off versus Jack Hughes in CAROLINA Hurricanes zone.
16:36 of 3rd period - Shot by Jeff Skinner.
16:36 of 3rd period - Stopped by Antti Raanta without a rebound.
16:37 of 3rd period - Jack Hughes wins face-off versus Jeff Skinner in CAROLINA Hurricanes zone.
17:06 of 3rd period - Shot by Jeff Skinner.
17:06 of 3rd period - Shot Misses the Net.
17:08 of 3rd period - Shot by Calle Rosen.
17:08 of 3rd period - Shot Misses the Net.
17:10 of 3rd period - Shot by Calle Rosen.
17:10 of 3rd period - Deflect By Kyle Palmieri.
17:10 of 3rd period - Stopped by Antti Raanta without a rebound.
17:11 of 3rd period - James van Riemsdyk wins face-off versus Josh Bailey in CAROLINA Hurricanes zone.
17:11 of 3rd period - James van Riemsdyk is hit by Patrik Laine.
17:25 of 3rd period - Cam York is hit by Josh Bailey and loses puck.
17:48 of 3rd period - Minor Penalty to Patrik Laine for Tripping.
17:49 of 3rd period - Jack Hughes wins face-off versus Kyle Palmieri in NEW YORK Islanders zone.
18:46 of 3rd period - Shot by Owen Power.
18:46 of 3rd period - Stopped by Alex Lyon without a rebound.
18:47 of 3rd period - Brandon Sutter wins face-off versus Kyle Palmieri in NEW YORK Islanders zone.
18:58 of 3rd period - Shot by Pontus Aberg.
18:58 of 3rd period - Deflect By Brandon Sutter.
18:58 of 3rd period - Shot Misses the Net.
19:00 of 3rd period - Shot by Pontus Aberg.
19:00 of 3rd period - Stopped by Alex Lyon with a rebound.
19:16 of 3rd period - Shot by Pontus Aberg.
19:16 of 3rd period - Stopped by Alex Lyon without a rebound.
19:17 of 3rd period - Adam Henrique wins face-off versus Jack Hughes in NEW YORK Islanders zone.
19:17 of 3rd period - Adam Henrique is hit by Wayne Simmonds.
19:45 of 3rd period - Shot by Ryan Ellis.
19:45 of 3rd period - Shot Blocked by Adam Pelech.
19:47 of 3rd period - Shot by Ryan Ellis.
19:47 of 3rd period - Stopped by Alex Lyon without a rebound.
19:48 of 3rd period - Jeff Skinner wins face-off versus James van Riemsdyk in NEW YORK Islanders zone.
19:53 of 3rd period - NEW YORK Islanders, Alex Lyon is pulled from the net.
19:53 of 3rd period - Shot by Kevin Shattenkirk.
19:53 of 3rd period - Shot Misses the Net.
19:59 of 3rd period - Shot by Marco Scandella.
19:59 of 3rd period - Goal by Marco Scandella - NEW YORK Islanders : 5 - CAROLINA Hurricanes : 5.
19:59 of 3rd period - Alex Lyon from NEW YORK Islanders was sent back in the game.
Goals for this period are 3 for NEW YORK Islanders vs 2 for CAROLINA Hurricanes .
Shots for this period are 14 for NEW YORK Islanders vs 11 for CAROLINA Hurricanes .

Overtime #1


0:01 of 1st overtime period - Blake Lizotte wins face-off versus Jeff Skinner in neutral zone.
1:52 of 1st overtime period - Shot by Adam Henrique.
1:52 of 1st overtime period - Shot Misses the Net.
2:14 of 1st overtime period - Shot by Brendan Leipsic.
2:14 of 1st overtime period - Shot Misses the Net.
4:20 of 1st overtime period - Shot by Blake Lizotte.
4:20 of 1st overtime period - Goal by Blake Lizotte - NEW YORK Islanders : 5 - CAROLINA Hurricanes : 6.
Goals for this period are 0 for NEW YORK Islanders vs 1 for CAROLINA Hurricanes .
Shots for this period are 0 for NEW YORK Islanders vs 1 for CAROLINA Hurricanes .